 Dungeon Sprint DCSS version 0.16-a0-3992-g631dd12 (webtiles) character file.

354 8Escape the Grappler (level 6, -6/74 HPs)
             Began as a Troll Monk on Feb 12, 2015.
             Was an Initiate of Gozag.
             Mangled by a centaur (shapeshifter)
             ... wielding a +4 iron rod (0/12)
              (13 damage)
             ... in the Dungeon (Sprint V: "Ziggurat Sprint").
             The game lasted 00:01:53 (173 turns).

8Escape the Grappler (Troll Monk)                    Turns: 173, Time: 00:01:53

Health: -6/74      AC:  5    Str: 34      XL:     6   Next: 35%
Magic:  3/3        EV: 10    Int:  6      God:    Gozag
Gold:   0          SH:  0    Dex: 11 (12) Spells: 0 memorised, 5 levels left

rFire  . . .     SeeInvis .       - Unarmed
rCold  . . .     Clarity  .     a - +0 robe
rNeg   . . .     SustAb   .     (shield restricted)
rPois  .         Gourm    +     (helmet restricted)
rElec  .         Spirit   .     (no cloak)
rCorr  .         Warding  .     (gloves unavailable)
rMut   .         NoTele   +     (boots unavailable)
MR     .....                    (no amulet)
Stlth  +.........               H - +6 ring of strength
                                G - +6 ring of strength

@: not resistant to hostile enchantments, very unstealthy
A: unfitting armour, claws 3, fast metabolism 3, gourmand, regeneration 2,
shaggy fur 1, tough skin 2
a: Potion Petition, Call Merchant, Bribe Branch, Renounce Religion


You were in the Dungeon.
You worshipped Gozag.
Gozag was noncommittal.
You were not hungry.

You visited 1 branch

Inventory:

Armour
 a - a +0 robe (worn)
Jewellery
 C - a +6 ring of dexterity
 D - a +6 ring of dexterity
 E - a +6 ring of intelligence
 F - a +6 ring of intelligence
 G - a +6 ring of strength (left claw)
 H - a +6 ring of strength (right claw)
Magical devices
 y - a wand of disintegration (7)
 z - a wand of fire (5)
 A - a wand of cold (5)
 B - a wand of draining (5)
Scrolls
 h - 4 scrolls of blinking
 p - 4 scrolls of amnesia
 q - 3 scrolls of recharging
 r - 7 scrolls of fog
 s - a scroll of holy word
 t - 5 scrolls of identify
 u - 5 scrolls of remove curse
 v - 2 scrolls of fear
Potions
 c - 9 potions of curing
 d - 9 potions of heal wounds
 e - 6 potions of haste
 f - 7 potions of magic
 g - 3 potions of berserk rage
 i - 2 potions of brilliance
 j - 2 potions of invisibility
 k - 2 potions of restore abilities
 l - 4 potions of resistance
 n - 5 potions of agility
 o - 5 potions of might
Comestibles
 b - 6 meat rations
 w - 42 fruits
 x - 4 bread rations


   Skills:
 + Level 8.8 Fighting
 - Level 2.4 Dodging
 - Level 1.1 Stealth
 + Level 10.8 Unarmed Combat


You had 5 spell levels left.
You didn't know any spells.

Dungeon Overview and Level Annotations

Branches:
Dungeon (1/1)

Altars:
Ashenzari
Cheibriados
Dithmenos
Elyvilon
Fedhas
Gozag
Kikubaaqudgha
Makhleb
Nemelex Xobeh
Okawaru
Qazlal
Ru
Sif Muna
Trog
Vehumet
Xom
Yredelemnul
Zin
The Shining One
Beogh
Jiyva
Lugonu


Innate Abilities, Weirdness & Mutations

You are too large for most types of armour.
You have claws for hands.
Your metabolism is lightning-fast.
You like to eat raw meat.
You heal very quickly.
You are covered in fur (AC +1).
You have very tough skin (AC +2).


Message History

You scratch the centaur.
The centaur is almost dead.
The white ugly thing closely misses you.
The centaur hits you but does no damage.
The naga hits you!
* * * LOW HITPOINT WARNING * * *
The naga closely misses you.
You claw the white ugly thing!
The white ugly thing is heavily wounded.
The centaur hits you with a +4 iron rod (0/12).
* * * LOW HITPOINT WARNING * * *
The white ugly thing barely misses you. The naga hits you!
* * * LOW HITPOINT WARNING * * *
The naga barely misses you.
You scratch the centaur but do no damage.
The centaur is almost dead.
The worm changes into a wolf!
The centaur hits you with a +4 iron rod (0/12)!
You die...
Your body crumbles into a pile of gold.

▓▓▓▓▓▓▓▓▓▓▓▓▓▓▓▓▓▓▓
▓.8©8.▓.8©8.▓.8©8.▓
▓..[:.▓.}|).▓.....▓
▓..)..▓.....▓.[.|.▓
▓..h..▓.....▓.....▓
▓.cuN.▓.....▓.....▓
▓..@..▓.....▓.....▓
▓.....▓.....▓▓▓▓▓▓▓
▓▓▓▓▓▓▓▓▓▓▓▓▓


You could see a white ugly thing (bleeding), a naga, a wolf shaped shifter and a
centaur (bleeding).

Vanquished Creatures
  A slime creature (D)
  A golden eye (D)
  A quasit (D)
  2 ufetubi (D)
5 creatures vanquished.

Notes
Turn   | Place    | Note
--------------------------------------------------------------
     0 | D        | 8Escape, the Troll Monk, began the quest for the Orb.
     0 | D        | Reached XP level 1. HP: 22/22 MP: 1/1
     0 | D        | Found a viscous altar of Jiyva.
     0 | D        | Found a corrupted altar of Lugonu.
     4 | D        | Became a worshipper of Gozag Ym Sagoz the Greedy
     7 | D        | Found a white marble altar of Elyvilon.
     7 | D        | Found a burning altar of Makhleb.
     7 | D        | Found an iron altar of Okawaru.
     9 | D        | Found a sparkling altar of Nemelex Xobeh.
     9 | D        | Found a basalt altar of Yredelemnul.
     9 | D        | Found a deep blue altar of Sif Muna.
     9 | D        | Found a radiant altar of Vehumet.
    16 | D        | Found a bloodstained altar of Trog.
    23 | D        | Reached skill level 5 in Fighting
    23 | D        | Reached skill level 6 in Unarmed Combat
    23 | D        | Reached XP level 2. HP: 28/35 MP: 1/1
    26 | D        | Found a shimmering altar of Xom.
    38 | D        | Entered arena 1.
    38 | D        | Noticed a slime creature
    38 | D        | Noticed a golden eye
    52 | D        | Killed a golden eye
    52 | D        | Reached skill level 7 in Fighting
    52 | D        | Reached skill level 8 in Unarmed Combat
    52 | D        | Reached XP level 3. HP: 13/46 MP: 2/2
    52 | D        | Reached XP level 4. HP: 15/55 MP: 2/2
    52 | D        | Reached XP level 5. HP: 16/62 MP: 2/2
    56 | D        | HP: 1/62 [slime creature (10)]
    59 | D        | Killed a slime creature
    59 | D        | Reached skill level 10 in Unarmed Combat
    59 | D        | Reached XP level 6. HP: 31/74 MP: 3/3
   129 | D        | Entered arena 2.
   129 | D        | Noticed a quasit
   137 | D        | Killed a quasit
   165 | D        | Entered arena 3.
   165 | D        | Noticed a centaur
   165 | D        | Noticed a naga
   165 | D        | Noticed a white ugly thing
   173 | D        | Noticed a wolf
   173 | D        | a worm changed into a wolf
   173 | D        | Mangled by a centaur (shapeshifter)

Action                   |  1- 3 |  4- 6 || total
-------------------------+-------+-------++-------
Melee: Unarmed           |     8 |    19 ||    27
  Use: Potion            |     2 |     1 ||     3
